 Dungeon Sprint DCSS version 0.30-a0-52-g86a8295270 (webtiles) character file.

Game seed: 8199003101115514474

8820 rocky1 the Fencer (level 11, -10/98 HPs)
             Began as a Merfolk Gladiator on Sept 7, 2022.
             Was an Initiate of Gozag.
             Mangled by a red devil
             ... wielding a +2 demon trident of electrocution
              (16 damage)
             ... in the Dungeon (Sprint VII: "The Pits").
             The game lasted 00:09:12 (3094 turns).

rocky1 the Fencer (Merfolk Gladiator)               Turns: 3094, Time: 00:09:12

Health: -10/98     AC: 20    Str: 21    XL:     11   Next: 36%
Magic:  11/11      EV: 14    Int:  8    God:    Gozag
Gold:   2491       SH:  0    Dex: 19    Spells: 10/10 levels left

rFire   . . .      SeeInvis .    a - +2 scimitar (holy)
rCold   . . .      Faith    .    (no shield)
rNeg    . . .      Spirit   .    w - +3 plate armour
rPois   .          Reflect  .    c - +0 helmet
rElec   .          Harm     .    (no cloak)
rCorr   .          Rampage  .    (no gloves)
Will    .....      NoTele   +    u - +0 pair of boots
Stlth   ..........               (no amulet)
HPRegen 0.26/turn                t - +3 ring of strength
MPRegen 0.12/turn                s - +3 ring of strength

@: spiked, gold aura, mesmerised
A: (nimble swimmer 2), mertail
a: Renounce Religion, Potion Petition, Call Merchant, Bribe Branch


You were in the Dungeon.
You worshipped Gozag.
Gozag was most pleased with you.
You visited 1 branch You collected 3627 gold pieces.
You spent 672 gold pieces at shops.
You paid 464 gold pieces to Gozag.

Inventory:

Hand Weapons
 a - a +2 scimitar of holy wrath (weapon)
 b - a +0 shortbow
Missiles
 d - 6 throwing nets (quivered)
 e - a javelin
 q - a curare-tipped dart
Armour
 c - a +0 helmet (worn)
 u - a +0 pair of boots (worn)
 w - a +3 plate armour (worn)
Jewellery
 s - a +3 ring of strength (right hand)
 t - a +3 ring of strength (left hand)
Wands
 r - a wand of paralysis (3)
Scrolls
 k - a scroll of blinking
 m - 5 scrolls of amnesia
 n - a scroll of summoning
Potions
 f - 5 potions of heal wounds
 g - 8 potions of curing
 h - 2 potions of haste
 i - 4 potions of magic
 j - 2 potions of berserk rage
 l - a potion of invisibility
 o - 2 potions of might
 p - 3 potions of mutation


   Skills:
 + Level 13.4 Fighting
 + Level 19.1 Long Blades
 * Level 6.9 Ranged Weapons
 - Level 2.0 Throwing
 + Level 9.4 Armour
 + Level 16.0 Dodging


You had 10 spell levels left.
You didn't know any spells.
Your spell library was empty.

Dungeon Overview and Level Annotations

Branches:
Dungeon (1/1)

Altars:
Ashenzari
Cheibriados
Dithmenos
Elyvilon
Fedhas
Gozag
Hepliaklqana
Kikubaaqudgha
Makhleb
Nemelex Xobeh
Okawaru
Qazlal
Ru
Sif Muna
Trog
Uskayaw
Vehumet
Wu Jian
Xom
Yredelemnul
Zin
The Shining One
Jiyva
Lugonu

Shops:
D !

Annotations:
D Sigmund


Innate Abilities, Weirdness & Mutations

((You are very nimble when in or above water. (Stealth+, EV+, Speed+++)))
Your lower body shifts to a powerful aquatic tail in water.


Message History

The bolt of magma hits you!
* * * LOW HITPOINT WARNING * * *
Unknown command.
You slash the molten gargoyle!
The molten gargoyle is almost destroyed.
The rime drake is no longer distracted by gold.
Sigmund is no longer distracted by gold.
The rime drake is distracted by your dazzling golden aura.
The rime drake hisses angrily.
You hit the molten gargoyle but do no damage.
The molten gargoyle is almost destroyed.
The rime drake is no longer distracted by gold.
The endoplasm is no longer distracted by gold.
The red devil is no longer distracted by gold.
The basilisk is distracted by your dazzling golden aura.
The molten gargoyle hits you with a +0 flail!
* * * LOW HITPOINT WARNING * * *
You are engulfed in flames!
* * * LOW HITPOINT WARNING * * *
The red devil is distracted by your dazzling golden aura.
The endoplasm is distracted by your dazzling golden aura.
You feel much better.
The merfolk siren is no longer distracted by gold.
The merfolk siren is distracted by your dazzling golden aura.
The molten gargoyle blasts magma at you!
The bolt of magma hits you!!
* * * LOW HITPOINT WARNING * * *
Unknown command.
You feel much better.
The red devil is no longer distracted by gold.
The rime drake is distracted by your dazzling golden aura.
Sigmund gestures wildly while chanting.
Sigmund flickers and vanishes!
Deactivating autopickup; reactivate with Ctrl-A.
The red devil hits you from afar with a +2 demon trident of electrocution!
* * * LOW HITPOINT WARNING * * *
Barbed spikes become lodged in your body.
You are electrocuted!
You die...
Your body crumbles into a pile of gold.

#####''######
...##''##### ########
...##......# .......
...##......# ..... $$ $
...###....## ####..5##
...# ##''## ###..+...'
...###....###....##{##
...##......#....##ok.##..
#####......)....@9Jl..'.Z
#####......#....##4m.##..
.[.###....###....##'##
..[# ##''## ###..+...+
.))# #....# ####...###
..)##......# ##.......##
)))##......# #.........#
############ ###########


You could see a merfolk siren (mesmerising, unaware), a basilisk (unaware), a
rime drake (unaware), a molten gargoyle, a red devil, an orc and an endoplasm
(unaware).

Vanquished Creatures
  Harold (D)
  2 two-headed ogres (D)
  2 sun demons (D)
  A swamp dragon (D)
  A bog body (D)
  An elephant (D)
  A black mamba (D)
  A rime drake (D)
  A demonic crawler (D)
  A guardian mummy (D)
  2 polar bears (D)
  A tarantella (D)
  Grinder (D)
  A wyvern (D)
  A fire bat (D)
  8 yaks (D)
  A steam dragon (D)
  A floating eye (D)
  2 orc warriors (D)
  A wolf (D)
  A centaur (D)
  A phantom (D)
  2 kobold brigands (D)
  A bullfrog (D)
  2 scorpions (D)
  2 necrophages (D)
  3 wights (D)
  A jelly (D)
  A quasit (D)
  An orc priest (D)
  An orc wizard (D)
  3 gnolls (D)
  An adder (D)
  A river rat (D)
  2 orcs (D)
  A giant cockroach (D)
  A goblin (D)
  A hobgoblin (D)
  2 quokkas (D)
  A frilled lizard (D)
  A jackal zombie (D)
  A rat (D)
62 creatures vanquished.

Vanquished Creatures (others)
  An orc (D)
1 creature vanquished.

Grand Total: 63 creatures vanquished

Notes
Turn   | Place    | Note
-------+----------+-------------------------------------------
     0 | D        | rocky1 the Merfolk Gladiator began the quest for the Orb.
     0 | D        | Reached XP level 1. HP: 16/16 MP: 1/1
    20 | D        | Reached skill level 4 in Long Blades
    20 | D        | Reached skill level 1 in Armour
    20 | D        | Reached XP level 2. HP: 4/24 MP: 2/2
   398 | D        | Found a bloodstained altar of Trog.
   398 | D        | Found a shimmering blue altar of Sif Muna.
   398 | D        | Found a viscous altar of Jiyva.
   398 | D        | Found a hazy altar of Hepliaklqana.
   398 | D        | Found an opulent altar of Gozag.
   399 | D        | Found a glowing golden altar of the Shining One.
   399 | D        | Found a glowing silver altar of Zin.
   399 | D        | Found a basalt altar of Yredelemnul.
   399 | D        | Found a shimmering altar of Xom.
   399 | D        | Found an ornate altar of the Wu Jian Council.
   399 | D        | Found a sacrificial altar of Ru.
   399 | D        | Found a stormy altar of Qazlal.
   399 | D        | Found an iron altar of Okawaru.
   399 | D        | Found a sparkling altar of Nemelex Xobeh.
   399 | D        | Found a burning altar of Makhleb.
   399 | D        | Found a blossoming altar of Fedhas.
   399 | D        | Found a white marble altar of Elyvilon.
   399 | D        | Found a shadowy altar of Dithmenos.
   399 | D        | Found a snail-covered altar of Cheibriados.
   402 | D        | Found a corrupted altar of Lugonu.
   402 | D        | Found a radiant altar of Vehumet.
   403 | D        | Found an ancient bone altar of Kikubaaqudgha.
   403 | D        | Found a hide-covered altar of Uskayaw.
   403 | D        | Found a broken altar of Ashenzari.
   406 | D        | Became a worshipper of Gozag Ym Sagoz the Greedy
   433 | D        | Reached skill level 5 in Long Blades
   433 | D        | Reached skill level 5 in Dodging
   597 | D        | Noticed a scorpion
   608 | D        | Killed a scorpion
   609 | D        | Reached skill level 7 in Long Blades
   609 | D        | Reached XP level 3. HP: 18/31 MP: 3/3
   609 | D        | Reached XP level 4. HP: 22/38 MP: 4/4
   953 | D        | Noticed a floating eye
   954 | D        | Paralysed by a floating eye for 3 turns
   962 | D        | Paralysed by a floating eye for 4 turns
   968 | D        | Paralysed by a floating eye for 2 turns
   972 | D        | Killed a floating eye
   973 | D        | Reached skill level 5 in Fighting
   973 | D        | Reached skill level 9 in Long Blades
   973 | D        | Reached XP level 5. HP: 43/46 MP: 5/5
  1056 | D        | Reached XP level 6. HP: 36/52 MP: 6/6
  1058 | D        | Reached skill level 10 in Long Blades
  1200 | D        | Noticed Grinder
  1200 | D        | Paralysed by Grinder for 5 turns
  1213 | D        | Reached skill level 11 in Long Blades
  1215 | D        | Reached XP level 7. HP: 57/60 MP: 7/7
  1217 | D        | Reached skill level 5 in Armour
  1222 | D        | Reached skill level 12 in Long Blades
  1230 | D        | Paralysed by Grinder for 3 turns
  1240 | D        | Killed Grinder
  1241 | D        | Reached skill level 10 in Dodging
  1471 | D        | Reached skill level 13 in Long Blades
  1481 | D        | Reached XP level 8. HP: 54/69 MP: 8/8
  1593 | D        | Noticed Harold
  1593 | D        | Noticed a black mamba
  1600 | D        | Killed a black mamba
  1601 | D        | Reached skill level 14 in Long Blades
  1612 | D        | Killed Harold
  1613 | D        | Reached skill level 10 in Fighting
  1613 | D        | Reached skill level 15 in Long Blades
  1613 | D        | Reached XP level 9. HP: 53/78 MP: 9/9
  1866 | D        | Bought a potion of mutation for 112 gold pieces
  1866 | D        | Bought a potion of might for 56 gold pieces
  1866 | D        | Bought a potion of curing for 42 gold pieces
  1866 | D        | Bought a potion of haste for 140 gold pieces
  1866 | D        | Bought a potion of mutation for 112 gold pieces
  1866 | D        | Bought a potion of might for 56 gold pieces
  1866 | D        | Bought a potion of mutation for 112 gold pieces
  1866 | D        | Bought a potion of curing for 42 gold pieces
  1997 | D        | Noticed a guardian mummy
  2006 | D        | Killed a guardian mummy
  2026 | D        | Noticed a bog body
  2031 | D        | Reached skill level 16 in Long Blades
  2043 | D        | Killed a bog body
  2044 | D        | Reached skill level 17 in Long Blades
  2049 | D        | Reached XP level 10. HP: 45/88 MP: 10/10
  2226 | D        | Noticed a two-headed ogre
  2247 | D        | Killed a two-headed ogre
  2251 | D        | Reached skill level 18 in Long Blades
  2567 | D        | Reached skill level 1 in Ranged Weapons
  2643 | D        | Noticed a swamp dragon
  2686 | D        | Killed a swamp dragon
  2976 | D        | Noticed an elephant
  2977 | D        | Noticed a demonic crawler
  2984 | D        | Noticed a two-headed ogre
  2988 | D        | Killed an elephant
  2989 | D        | Reached skill level 15 in Dodging
  2993 | D        | Killed a demonic crawler
  2995 | D        | Noticed a sun demon
  3004 | D        | Noticed Sigmund
  3007 | D        | Killed a two-headed ogre
  3008 | D        | Reached skill level 5 in Ranged Weapons
  3008 | D        | Reached XP level 11. HP: 74/97 MP: 11/11
  3016 | D        | Noticed a sun demon
  3025 | D        | Killed a sun demon
  3059 | D        | Killed a sun demon
  3060 | D        | Reached skill level 19 in Long Blades
  3093 | D        | HP: 3/98 [molten gargoyle/bolt of magma (23)]
  3094 | D        | Mangled by a red devil

Illustrated notes

Levels and vault maps discovered:
D:        pitsprint [storerooms_1, entrance_room_1, metal_vault_2, armoury_1,
          mini_pit_1, grid_room_1, main_hall_1, silver_pit, the_coven_1,
          the_vestibule_1, steel_vault_1, golden_pit, hallway_of_sentries,
          crystal_vault_1, iron_vault_3, final_vault]

Skill      XL: |  1  2  3  4  5  6  7  8  9 10 11 |
---------------+----------------------------------+-----
Fighting       | 3 4 5 6 7 8 10 11 12 13 | 13.4
Long Blades    | 4 7 9 11 13 15 17 18 19 | 19.1
Armour         | 1 2 3 4 5 6 7 9 |  9.4
Dodging        | 6 7 8 9 10 12 13 15 16 | 16.0
Ranged Weapons | 5 6 |  6.9
Throwing       | |  2.0

Action                   |  1- 3 |  4- 6 |  7- 9 | 10-12 || total
-------------------------+-------+-------+-------+-------++-------
Melee: Long sword        |    27 |    36 |    63 |       ||   126
       Punch             |       |       |     1 |       ||     1
       Scimitar          |       |       |    34 |   145 ||   179
 Fire: Shortbow          |       |       |       |     3 ||     3
Invok: Call Merchant     |       |       |     1 |       ||     1
  Use: Potion            |     3 |       |     2 |     9 ||    14
 Stab: Distracted        |       |       |     1 |     1 ||     2
       Invisible         |       |       |       |     4 ||     4
Armor: Leather armour    |     7 |     3 |       |       ||    10
       Ring mail         |       |     5 |     5 |       ||    10
       Plate armour      |       |       |    14 |    57 ||    71
Dodge: Dodged            |    19 |    25 |    39 |    85 ||   168

Table legend: (Time is in decaauts)
 A = Elapsed time spent in this place.
 B = Non-inter-level travel time spent in this place.
 C = Inter-level travel time spent in this place.
 D = Time resting spent in this place.
 E = Time spent auto-exploring this place.
 F = Levels seen in this place.
 G = Mean time per level.
                   A        B        C        D        E       F      G
               +--------+--------+--------+--------+--------+-----+--------+
         Total |   3043 |   2989 |     54 |   2222 |      0 |   1 | 3043.0 |
       Dungeon |   3043 |   2989 |     54 |   2222 |      0 |   1 | 3043.0 |
               +--------+--------+--------+--------+--------+-----+--------+

Top non-repeatable levels by time:
       D: 3043 daAuts
